AoeStats
← fat_dgk

Arabia

510245471Analyzed
4v4 RM · 10h ago on Sep 30, 2026· 20m 2s· 8 players
Game mode
Random Map
Map size
Large (8 player)
Population
200
Speed
Normal
Resources
Standard
Victory
Conquest
Starting age
Dark Age
Ending age
Imperial Age
RankedLock teamsTeams togetherTeam positionsShared explorationLock speedFull tech treeHidden civsTurbo modeCheats
Victory
Defeat
🇨🇴 Burgundians · Colombia
1313
+11
🇪🇨 Saracens · Ecuador
1272
+13
🇪🇨 Maya · Ecuador
1231
+15
🇪🇨 Ethiopians · Ecuador
1127
+19
1228
-16
🇲🇽 Dravidians · Mexico
1222
-15
🇨🇱 Gurjaras · Chile
1207
-15
🇵🇪 Lithuanians · Peru
1142
-12
rms_0489
7:05 Loom
11:36 Feudal Age
12:19 Horse Collar
12:27 Double-Bit Axe
20:58 Castle Age
fat_dgk
5:47 Loom
8:42 Feudal Age
10:37 Double-Bit Axe
16:07 Forging
16:24 Horse Collar
MACS-X
12:06 Feudal Age
14:02 Loom
16:43 Castle Age
14:52 Horse Collar
15:28 Double-Bit Axe
17:21 Bloodlines
[WWW - KT] Er MaRdiTho!
5:34 Loom
9:31 Feudal Age
10:34 Double-Bit Axe
13:26 Fletching
17:01 Horse Collar
JonatanVnz
8:07 Loom
8:25 Double-Bit Axe
8:21 Horse Collar
10:19 Feudal Age
9:06 Double-Bit Axe
9:02 Horse Collar
11:21 Bow Saw
12:16 Bow Saw
20:54 Castle Age
20:06 Forging
20:43 Scale Barding Armor
Xhiver
7:50 Loom
10:01 Feudal Age
13:28 Forging
13:58 Horse Collar
16:18 Double-Bit Axe
18:42 Scale Barding Armor
20:16 Bloodlines
Rey_Mono86
0:39 Loom
9:34 Feudal Age
10:04 Double-Bit Axe
15:02 Fletching
16:42 Padded Archer Armor
El_Warnersito
8:47 Loom
10:59 Feudal Age
11:47 Double-Bit Axe
13:01 Horse Collar
14:16 Wheelbarrow
16:13 Padded Archer Armor
18:00 Town Watch
Connection lost

Rejoining the realm…

Still unreachable

The connection could not be restored.

Session expired

The server has moved on; the page needs a fresh start.